 Dungeon Crawl Stone Soup version 0.17.2 (webtiles) character file.

7912 Charly the Grappler (level 11, -11/118 HPs)
             Began as a Troll Transmuter on July 14, 2016.
             Was a High Priest of Cheibriados.
             Mangled by a seven-headed hydra (16 damage)
             ... on level 12 of the Dungeon.
             The game lasted 00:51:42 (2697 turns).

Charly the Grappler (Troll Transmuter)              Turns: 2697, Time: 00:51:42

Health: -11/118    AC:  8    Str: 34    XL:     11   Next: 3%
Magic:  6/13       EV: 11    Int: 24    God:    Cheibriados [*****.]
Gold:   101        SH:  0    Dex: 29    Spells: 3 memorised, 8 levels left

rFire  x . .     SeeInvis .       - Unarmed
rCold  + + +     Clarity  .     (armour currently unavailable)
rNeg   . . .     SustAt   .     (shield currently unavailable)
rPois  +         Gourm    +     (helmet currently unavailable)
rElec  .         Spirit   .     (cloak currently unavailable)
rCorr  .         Warding  .     (gloves unavailable)
rMut   .         Stasis   .     (boots unavailable)
MR     .....                    (no amulet)
Stlth  ++........               (no ring)
                                u - +5 ring of dexterity

@: ice-form, very slightly contaminated, very slow, not resistant to hostile
enchantments, unstealthy
A: unfitting armour, (claws 0), rugged brown scales 1, clumsy 1, (fire
resistance 0), fast metabolism 3, frail 1, gourmand, regeneration 2, (shaggy fur
0), (tough skin 0)
a: End Transformation, Bend Time, Temporal Distortion, Slouch, Step From Time,
Renounce Religion


You were on level 12 of the Dungeon.
You worshipped Cheibriados.
Cheibriados was extremely pleased with you.
You were full.
You were a creature of crystalline ice.
You visited 2 branches of the dungeon, and saw 15 of its levels.
You also visited: Sewer.

You collected 556 gold pieces.
You spent 455 gold pieces at shops.

Inventory:

Hand Weapons
 b - a +0 blowgun
 w - the +9 war axe of Aveta {drain, *Rage rPois rC++}
   (You found it on level 9 of the Dungeon)

   A truly terrible weapon, it drains the life of those it strikes.
   It greatly protects you from cold.
   It protects you from poison.
   It may make you go berserk in combat.
Missiles
 a - 44 arrows
 g - 5 curare-tipped needles
 h - 3 throwing nets
 n - 16 poisoned needles
 E - a poisoned javelin (quivered)
Armour
 m - a +0 robe (melded)
 y - the +3 crown of Dyrovepreva (melded) {rElec Int+2 SInv}
   (You bought it in a shop on level 1 of the Orcish Mines)

   It affects your intelligence (+2).
   It insulates you from electricity.
   It lets you see invisible.
 A - a +2 shield
 B - a +0 cloak (melded)
Magical Staves
 C - an uncursed staff of cold (melded)
 F - an uncursed staff of fire
Jewellery
 u - a +5 ring of dexterity (left front paw)
Wands
 s - a wand of flame (21)
Scrolls
 r - 4 scrolls of remove curse
 D - a scroll of blinking {unknown}
Potions
 e - a potion of heal wounds
 f - a potion of might {unknown}
 i - 2 potions of berserk rage
 j - a potion of haste {unknown}
 k - 3 potions of ambrosia
 l - a potion of poison {unknown}
 o - 2 potions of curing
 p - 2 potions of flight {unknown}
 q - a potion of brilliance {unknown}
 x - 2 potions of beneficial mutation {unknown}
Books
 c - a book of Changes

   Spells                             Type                      Level
   a - Beastly Appendage              Transmutation                1
   b - Sticks to Snakes               Transmutation                2
   c - Spider Form                    Transmutation/Poison         3
   d - Ice Form                       Ice/Transmutation            4
   e - Blade Hands                    Transmutation                5
 v - a book of Enchantments

   Spells                             Type                      Level
   a - Cause Fear                     Hexes                        4
   b - Silence                        Hexes/Air                    5
   c - Deflect Missiles               Charms/Air                   6
   d - Haste                          Charms                       6
   e - Discord                        Hexes                        8
Comestibles
 d - 3 bread rations
 t - a royal jelly
 z - a meat ration


   Skills:
 - Level 6.5 Fighting
 - Level 1.5 Dodging
 - Level 11.2 Unarmed Combat
 - Level 2.6 Spellcasting
 - Level 6.3 Transmutations
 - Level 4.0 Ice Magic
 + Level 0.1 Invocations


You had 8 spell levels left.
You knew the following spells:

 Your Spells              Type           Power        Failure   Level  Hunger
a - Beastly Appendage     Trmt           ####..       1%          1    None
s - Sticks to Snakes      Trmt           ####......   1%          2    ##.....
I - Ice Form              Ice/Trmt       ####....     17%         4    ####...


Dungeon Overview and Level Annotations

Branches:
Dungeon (12/15)            Temple (0/1) D:7             Orc (3/4) D:11
   Lair: D:8-11         Elf: Orc:3-4

Altars:
Cheibriados
Gozag
Makhleb
Xom
Beogh

Shops:
D:11 (   Orc:1 [[   Orc:2 (

Annotations:
D:4 2 exclusions
D:9 Joseph
D:10 Charly's ghost, novice VSTm


Innate Abilities, Weirdness & Mutations

You are too large for most types of armour.
((You have claws for hands.))
Your metabolism is lightning-fast.
You like to eat raw meat.
You heal very quickly.
((You are covered in fur (AC +1).))
((You have very tough skin (AC +2).))
(You are partially covered in rugged brown scales (AC +1, +3% HP).)
You are clumsy. (Dex -2)
((Your flesh is heat resistant.))
You are frail (-10% HP).


Message History

The seven-headed hydra bites you! The seven-headed hydra bites you.
The seven-headed hydra closely misses you.
The seven-headed hydra bites you.
* * * LOW HITPOINT WARNING * * *
Unknown command.
Unknown command.
You punch the seven-headed hydra! You freeze the seven-headed hydra.
The seven-headed hydra seems to slow down.
The seven-headed hydra is moderately wounded.
The seven-headed hydra bites you!
* * * LOW HITPOINT WARNING * * *
The seven-headed hydra closely misses you.
The seven-headed hydra bites you!
* * * LOW HITPOINT WARNING * * *
The seven-headed hydra bites you!
* * * LOW HITPOINT WARNING * * *
The seven-headed hydra closely misses you.
The seven-headed hydra bites you but does no damage.
The seven-headed hydra bites you!
You die...

#....##.[.....).######.
........#.##<##.#
.######.#.##.##.####.#
#<#.#..†.......#
#...#..##.######
##......##(#
#....##..#$#
#.....##.#.##
#....YD......
#>...........
####[..D.....
#....[.... ..........
##........S ####......
###..#


You could see a seven-headed hydra, a four-headed hydra and an adder
(wandering).

Vanquished Creatures
  Harold (Orc:2)
  Sonja (D:11)
  An unseen horror (D:12)
  An orc knight (D:11)
  A cyclops (D:11)
  2 ugly things (D:11)
  A centaur skeleton (D:8)
  A gargoyle (D:11)
  A troll (D:12)
  2 yaks (D:11)
  A hungry ghost (D:7)
  A deep elf mage (D:9)
  A wyvern (D:11)
  A steam dragon (D:11)
  2 hippogriffs
  A phantom (D:9)
  4 orc warriors
  A sky beast (D:8)
  An ogre (D:9)
  3 big kobolds
  A crocodile (D:11)
  2 giant frogs
  A scorpion (D:8)
  A wight (D:10)
  2 centaur zombies
  2 crimson imps
  A giant frog zombie (D:10)
  A quasit (D:11)
  2 giant frog skeletons
  7 orc priests
  2 iguanas
  A gnoll shaman (D:6)
  A worker ant (D:8)
  A killer bee zombie (D:8)
  9 orc wizards
  Robin (D:2)
  4 gnolls
  3 river rats
  6 adders
  A shadow imp (D:7)
  2 giant geckos (D:4)
  63 orcs
  2 giant cockroaches
  15 goblins
  5 hobgoblins
  4 jackals
  10 kobolds
  7 bats
  A giant newt (D:4)
  11 rats
197 creatures vanquished.

Vanquished Creatures (collateral kills)
  A hippogriff (D:7)
  An adder (D:7)
  An orc (D:4)
3 creatures vanquished.

Vanquished Creatures (others)
  6 fungi (D:11)
6 creatures vanquished.

Grand Total: 206 creatures vanquished

Notes
Turn   | Place    | Note
--------------------------------------------------------------
     0 | D:1      | Charly the Troll Transmuter began the quest for the Orb.
     0 | D:1      | Reached XP level 1. HP: 18/18 MP: 1/1
    38 | D:2      | Noticed Robin
    49 | D:2      | Reached XP level 2. HP: 17/26 MP: 2/2
    59 | D:2      | Killed Robin
    59 | D:2      | Reached skill level 4 in Unarmed Combat
    97 | D:2      | Learned a level 2 spell: Sticks to Snakes
   140 | D:3      | Reached XP level 3. HP: 25/32 MP: 0/3
   197 | D:4      | Found a snail-covered altar of Cheibriados.
   198 | D:4      | Found a burning altar of Makhleb.
   200 | D:4      | Found a shimmering altar of Xom.
   200 | D:4      | Found an opulent altar of Gozag.
   202 | D:4      | Became a worshipper of Cheibriados the Contemplative
   218 | D:5      | Entered Level 5 of the Dungeon
   341 | D:4      | Found a glowing drain.
   345 | Sewer    | Entered a sewer
   351 | Sewer    | Reached skill level 5 in Unarmed Combat
   351 | Sewer    | Reached XP level 4. HP: 40/40 MP: 1/4
   388 | Sewer    | Noticed a big kobold
   408 | Sewer    | Killed a big kobold
   408 | Sewer    | Reached XP level 5. HP: 40/46 MP: 5/5
   416 | Sewer    | Reached skill level 6 in Unarmed Combat
   435 | Sewer    | Found a white marble altar of Elyvilon.
   517 | D:6      | Charly: eh
   524 | D:6      | Reached skill level 1 in Fighting
   528 | D:6      | Reached * piety under Cheibriados
   614 | D:7      | Found a staircase to the Ecumenical Temple.
   634 | D:7      | Reached XP level 6. HP: 55/57 MP: 6/6
   646 | D:7      | Noticed a hippogriff
   648 | D:7      | Noticed a hungry ghost
   669 | D:7      | Killed a hippogriff
   702 | D:7      | Killed a hungry ghost
   702 | D:7      | Reached skill level 7 in Unarmed Combat
   702 | D:7      | Reached XP level 7. HP: 38/67 MP: 2/7
   791 | D:7      | Reached ** piety under Cheibriados
   869 | D:10     | Entered Level 10 of the Dungeon
   911 | D:7      | Noticed a hippogriff
   915 | D:7      | Killed a hippogriff
   974 | D:8      | Reached skill level 8 in Unarmed Combat
  1015 | D:8      | Noticed a centaur skeleton
  1023 | D:8      | Killed a centaur skeleton
  1023 | D:8      | Reached XP level 8. HP: 67/79 MP: 8/8
  1075 | D:8      | Gained mutation: You are agile. (Dex +2) [mutagenic meat]
  1076 | D:8      | Lost mutation: You are agile. (Dex +2) [mutagenic meat]
  1077 | D:8      | Gained mutation: You are frail (-10% HP). [mutagenic meat]
  1078 | D:8      | Gained mutation: You are partially covered in rugged brown scales (AC +1, +3% HP). [mutagenic meat]
  1079 | D:8      | Gained mutation: You are clumsy. (Dex -2) [mutagenic meat]
  1080 | D:8      | Gained mutation: You can translocate small distances at will. [mutagenic meat]
  1081 | D:8      | Charly: sucks
  1161 | D:9      | Reached skill level 5 in Fighting
  1222 | D:9      | Reached skill level 9 in Unarmed Combat
  1246 | D:9      | Reached *** piety under Cheibriados
  1269 | D:9      | Got a smoking war axe
  1281 | D:9      | Identified the +9 war axe of Aveta {drain, *Rage rPois rC++} (You found it on level 9 of the Dungeon)
  1282 | D:9      | Charly: why I never get these when playing DD or HO
  1282 | D:9      | Sapher: nice axe
  1282 | D:9      | Charly: awesome early/mid game axe
  1361 | D:9      | Noticed Joseph
  1414 | D:9      | Noticed a deep elf mage
  1416 | D:9      | Killed a deep elf mage
  1599 | D:10     | Noticed Charly's ghost (novice VSTm)
  1729 | D:10     | Reached skill level 10 in Unarmed Combat
  1729 | D:10     | Reached XP level 9. HP: 73/82 MP: 9/9
  1757 | D:11     | Reached **** piety under Cheibriados
  1795 | D:11     | Noticed a cyclops
  1799 | D:11     | Noticed a gargoyle
  1812 | D:11     | Found Yheyjos's Weapon Boutique.
  1813 | D:11     | Found a staircase to the Orcish Mines.
  1816 | D:11     | Noticed an orc knight
  1839 | D:11     | Noticed a red ugly thing
  1844 | D:11     | Noticed Sonja
  1849 | D:11     | Killed a red ugly thing
  1854 | D:11     | Killed Sonja
  1854 | D:11     | Reached skill level 11 in Unarmed Combat
  1875 | D:11     | Learned a level 4 spell: Ice Form
  1946 | D:11     | Reached skill level 1 in Ice Magic
  1992 | D:11     | Killed an orc knight
  1992 | D:11     | Reached XP level 10. HP: 83/93 MP: 10/10
  2013 | Orc:1    | Entered Level 1 of the Orcish Mines
  2013 | Orc:1    | Found Xamiagh's Armour Boutique.
  2013 | Orc:1    | Found Fuavosocont's Armour Shop.
  2100 | Orc:2    | Noticed Harold
  2104 | Orc:2    | Found Cepheono's Weapon Boutique.
  2136 | Orc:2    | Killed Harold
  2172 | Orc:2    | Reached ***** piety under Cheibriados
  2174 | Orc:3    | Noticed an orc sorcerer
  2278 | Orc:1    | Found a roughly hewn altar of Beogh.
  2336 | Orc:1    | Bought the +3 crown of Dyrovepreva {rElec Int+2 SInv} for 455 gold pieces
  2398 | D:11     | Killed a cyclops
  2398 | D:11     | Reached skill level 5 in Transmutations
  2479 | D:11     | Noticed a red ugly thing
  2497 | D:11     | Killed a red ugly thing
  2502 | D:11     | Gained mutation: Your flesh is heat resistant. [mutagenic meat]
  2503 | D:11     | Lost mutation: You can translocate small distances at will. [mutagenic meat]
  2547 | D:11     | Noticed a centaur zombie
  2557 | D:11     | Killed a centaur zombie
  2564 | D:11     | Killed a gargoyle
  2590 | D:12     | Noticed an unseen horror
  2601 | D:12     | Killed an unseen horror
  2621 | D:12     | Reached XP level 11. HP: 22/99 MP: 13/13
  2663 | D:12     | Noticed a seven-headed hydra
  2694 | D:12     | Noticed a four-headed hydra
  2697 | D:12     | HP: 5/118 [seven-headed hydra (7)]
  2697 | D:12     | Mangled by a seven-headed hydra

Action                   |  1- 3 |  4- 6 |  7- 9 | 10-12 || total
-------------------------+-------+-------+-------+-------++-------
Melee: Unarmed           |    60 |    88 |   228 |   174 ||   550
 Fire: Blowgun           |       |       |    11 |     5 ||    16
Throw: Javelin           |     1 |     2 |    11 |     5 ||    19
       Throwing net      |       |       |       |     1 ||     1
 Cast: Sticks to Snakes  |     3 |     3 |     3 |       ||     9
       Ice Form          |       |       |       |     1 ||     1
 Abil: Blink             |       |       |       |     2 ||     2
Evoke: Wand              |       |       |     1 |       ||     1
  Use: Scroll            |       |       |    10 |     2 ||    12
       Potion            |       |       |       |     2 ||     2
 Stab: Sleeping          |       |       |     5 |       ||     5
       Distracted        |       |       |       |     1 ||     1
       Held in net/web   |       |       |       |     1 ||     1
  Eat: Chunk             |       |     7 |    20 |     4 ||    31
       Meat ration       |       |     1 |       |       ||     1
       Fruit             |       |       |     4 |       ||     4
       Pizza             |       |       |       |     1 ||     1
